AoeStats
← 1679297837

Nomad

510072776Analyzed
2v2 RM · 2d ago on Sep 29, 2026· 72m 24s· 4 players
Game mode
Random Map
Map size
176×176
Population
200
Speed
Normal
Resources
Standard
Victory
Conquest
Starting age
Dark Age
Ending age
Imperial Age
RankedLock teamsTeams togetherTeam positionsShared explorationLock speedFull tech treeHidden civsTurbo modeCheats
Victory
Defeat
🇫🇮 Varangians · Finland
617
+17
🇩🇰 Malay · Denmark
596
+19
🇨🇳 Saracens · China
644
-18
🇨🇳 Persians · China
643
-18
eptp95
16:18 Feudal Age
22:18 Castle Age
21:46 Stone Mining
21:49 Gold Mining
26:15 Fishing Lines
26:58 Double-Bit Axe
30:25 Wheelbarrow
33:02 Pikeman
34:01 Hand Cart
34:33 Bow Saw
34:05 Horse Collar
39:55 Imperial Age
37:49 Gillnets
39:15 Vendel Legacy
40:02 Elite Jarl
41:40 Gothikon
41:48 Cranequins
46:42 Capped Ram
47:22 Heated Shot
47:54 Ballistics
48:36 Chemistry
47:49 Fortified Wall
47:36 Murder Holes
47:08 Onager
47:12 Heavy Scorpion
47:40 Elite Varangian Guard
48:56 Arson
55:39 Halberdier
56:21 Squires
59:41 Siege Ram
71:21 Treadmill Crane
71:52 Masonry
71:47 Siege Engineers
71:53 Careening
71:54 Clinker Construction
71:50 Siphons
71:36 Guard Tower
Fatt Damon
13:43 Feudal Age
17:57 Double-Bit Axe
17:54 Horse Collar
22:31 Castle Age
22:15 Husbandry
22:48 Fishing Lines
23:48 Wheelbarrow
24:36 Bow Saw
25:01 Elite Skirmisher
26:29 Fishing Lines
28:12 Hand Cart
27:47 Loom
27:48 Town Watch
31:05 Gillnets
31:25 Heavy Plow
33:11 Town Patrol
33:26 Forging
33:08 Fletching
33:25 Thumb Ring
35:10 Ballistics
34:47 Pikeman
35:28 Squires
36:10 Iron Casting
35:31 Bodkin Arrow
38:39 Scale Barding Armor
38:34 Padded Archer Armor
43:13 Imperial Age
41:26 Murder Holes
41:12 Treadmill Crane
42:42 Leather Archer Armor
43:12 Conscription
44:27 Siege Engineers
44:16 Elite Battle Elephant
48:26 Chemistry
46:56 Elite Karambit Warrior
48:45 Blast Furnace
47:45 Bracer
48:16 Ring Archer Armor
48:50 Halberdier
53:56 Light Cavalry
2205989282
14:34 Feudal Age
24:07 Castle Age
28:31 Wheelbarrow
27:42 Loom
27:56 Double-Bit Axe
27:52 Horse Collar
29:36 Town Watch
30:32 Bow Saw
30:24 Heavy Plow
38:37 Gold Mining
38:37 Stone Mining
44:55 Forging
44:51 Scale Barding Armor
49:42 Imperial Age
48:55 Iron Casting
48:41 Chain Barding Armor
50:18 Elite Mameluke
51:55 Plate Barding Armor
52:20 Blast Furnace
54:37 Heavy Camel Rider
55:28 Bloodlines
64:56 Scale Mail Armor
65:58 Blast Furnace
1679297837
18:04 Feudal Age
18:48 Horse Collar
18:59 Double-Bit Axe
28:40 Castle Age
27:04 Scale Barding Armor
27:10 Forging
29:15 Loom
30:34 Heavy Plow
34:59 Wheelbarrow
36:00 Fervor
36:51 Fishing Lines
37:36 Bow Saw
44:41 Imperial Age
43:57 Iron Casting
43:43 Chain Barding Armor
45:17 Hand Cart
45:59 Crop Rotation
46:01 Conscription
46:16 Conscription
45:24 Elite War Elephant
51:30 Blast Furnace
52:21 Gillnets
62:54 Herbal Medicine
Connection lost

Rejoining the realm…

Still unreachable

The connection could not be restored.

Session expired

The server has moved on; the page needs a fresh start.